 Dungeon Crawl Stone Soup version 0.25-a0-591-g2ad0d86 (webtiles) character file.

Game seed: 4031247720785627023, levelgen mode: deterministic

178 Faca the Vandal (level 5, -13/37 HPs)
             Began as a Halfling Hunter on Mar 14, 2020.
             Killed by divine providence
             ... invoked by an orc priest
              (15 damage)
             ... on level 3 of the Dungeon.
             The game lasted 00:06:31 (2924 turns).

Faca the Vandal (Halfling Hunter)                   Turns: 2924, Time: 00:06:32

Health: -13/37     AC:  6    Str: 14    XL:     5   Next: 89%
Magic:  5/5        EV: 14    Int:  9    God:
Gold:   128        SH:  0    Dex: 15    Spells: 4/4 levels left

rFire    . . .     SeeInvis .   a - +1 hunting sling
rCold    . . .     Gourm    .   (shield restricted)
rNeg     . . .     Faith    .   c - +0 leather armour
rPois    .         Spirit   .   b - +2 helmet
rElec    .         Reflect  .   (no cloak)
rCorr    .         Harm     .   (no gloves)
MR       .....                  (no boots)
Stlth    ++........             (no amulet)
HPRegen  0.12/turn              (no ring)
MPRegen  0.09/turn              (no ring)

@: no status effects
A: small, mutation resistance 1
a: no special abilities


You were on level 3 of the Dungeon.
You were not hungry.

You visited 1 branch of the dungeon, and saw 3 of its levels.

You collected 128 gold pieces.

Inventory:

Hand Weapons
 a - a +1 hunting sling (weapon)
 l - a +0 dagger of venom
Missiles
 d - 36 sling bullets (quivered)
 i - 76 stones
Armour
 b - a +2 helmet (worn)
 c - a +0 leather armour (worn)
Jewellery
 j - an uncursed ring of ice
Wands
 r - a wand of clouds (4)
Scrolls
 m - 3 scrolls of remove curse
Potions
 e - a potion of mutation
 h - a potion of haste {unknown}
 k - 3 potions of flight {unknown}
 n - a potion of brilliance {unknown}
 q - a potion of heal wounds
Comestibles
 f - 5 rations
 g - a chunk of flesh


   Skills:
 + Level 3.8 Fighting
 + Level 7.9 Slings
 - Level 2.1 Dodging
 - Level 1.1 Stealth


You had 4 spell levels left.
You didn't know any spells.
Your spell library was empty.

Dungeon Overview and Level Annotations

Branches:
Dungeon (3/15)

Altars:


Innate Abilities, Weirdness & Mutations

You are small and have problems with some larger weapons.
You are somewhat resistant to further mutation.


Message History

Press: ? - help, Shift-Dir - straight line, f - orc priest
Aim: an orc priest, wielding a +0 mace (hasn't noticed you)
You shoot a sling bullet. The sling bullet hits the orc priest.
The orc priest is lightly wounded.
The orc priest invokes the aid of Beogh against you.
Beogh smites you!
Firing (i - inventory. (/) - cycle)
d - 37 sling bullets (quivered)
Press: ? - help, Shift-Dir - straight line, f/p - orc priest
Aim: an orc priest, wielding a +0 mace (lightly wounded)
You shoot a sling bullet. The sling bullet hits the orc priest.
The orc priest is moderately wounded.
The orc priest calls down the wrath of Beogh upon you.
Beogh smites you!
You are too injured to fight recklessly!
The orc priest invokes the aid of Beogh against you.
Beogh smites you!
* * * LOW HITPOINT WARNING * * *
The orc priest calls down the wrath of Beogh upon you.
Beogh smites you!
You die...

.. .### .# #. ...###
... .## ....# # #..
..# #...## ..
##.###.###....## ..#
............... o...
#....###..## .o(?.
#...@....#...... ...
##.#####.ooo.... ...
#.# ##....... #.#
#>### #......
#.##########...##
......
#.#.......)..#..#
.....
#.#..........##.###
.....
#.#..........##...#
..##
#..#####...)......##
#.#


You could see 2 orc priests and an orc wizard.

Vanquished Creatures
  Jessica (D:2)
  Terence (D:2)
  Robin (D:2)
  2 adders
  2 oozes
  4 worms
  2 dart slugs (D:2)
  2 leopard geckos (D:1)
  3 giant cockroaches
  16 hobgoblins
  2 jackals (D:1)
  5 kobolds
  3 ball pythons (D:1)
  10 bats
  A frilled lizard (D:3)
  11 goblins
  7 rats
73 creatures vanquished.

Notes
Turn   | Place    | Note
-------+----------+-------------------------------------------
     0 | D:1      | Faca the Halfling Hunter began the quest for the Orb.
     0 | D:1      | Reached XP level 1. HP: 14/14 MP: 1/1
    45 | D:1      | Reached skill level 6 in Slings
   263 | D:1      | Reached XP level 2. HP: 18/19 MP: 2/2
   480 | D:1      | Reached XP level 3. HP: 14/25 MP: 3/3
  1224 | D:2      | Noticed Robin
  1435 | D:1      | Reached XP level 4. HP: 29/30 MP: 4/4
  1502 | D:2      | Killed Robin
  1502 | D:2      | Reached skill level 7 in Slings
  2246 | D:2      | Noticed Terence
  2252 | D:2      | Killed Terence
  2252 | D:2      | Reached XP level 5. HP: 36/36 MP: 5/5
  2355 | D:2      | Noticed Jessica
  2357 | D:2      | Killed Jessica
  2924 | D:3      | Killed from afar by an orc priest

Levels and vault maps discovered:
D:1:      onia_arrival_handbag, layout_loops_ring
D:2:      layout_basic, uniq_robin, uniq_terence, uniq_jessica
D:3:      layout_rooms, nicolae_tso_carved_into_rock, okawaru_altar_gauntlet_db,
          lemuel_doored_altar, minmay_misc_feat_roman

Skill      XL: |  1  2  3  4 |
---------------+-------------+-----
Slings         | 6 7 |  7.9
Fighting       | 2 3 |  3.8
Dodging        | |  2.1
Stealth        | |  1.1

Action                   |  1- 3 |  4- 6 || total
-------------------------+-------+-------++-------
Melee: Short sword       |   107 |       ||   107
       Dagger            |    18 |   151 ||   169
 Fire: Hunting sling     |       |     7 ||     7
  Use: Scroll            |       |     8 ||     8
 Stab: Sleeping          |     6 |     4 ||    10
  Eat: Chunk             |     2 |     5 ||     7
Armor: Leather armour    |    29 |    28 ||    57
Dodge: Dodged            |   109 |   112 ||   221

Table legend:
 A = Non-vault XP
 B = Vault XP
 C = Vault XP percentage of total XP
 D = Non-vault monster count
 E = Vault monster count
 F = Vault count percentage of total count
                 A         B        C        D         E       F
            +---------+---------+-------+---------+---------+-------
      Total |     137 |     118 |  46.3 |      56 |      17 |  23.3
            +---------+---------+-------+---------+---------+-------
        D:1 |      42 |      33 |  44.0 |      25 |      14 |  35.9
        D:2 |      64 |      85 |  57.0 |      21 |       3 |  12.5
        D:3 |      31 |       0 |   0.0 |      10 |       0 |   0.0
            +---------+---------+-------+---------+---------+-------
